 Dungeon Crawl Stone Soup version 0.30.1-11-g7821555f0a (webtiles) character file.

Game seed: 6710770667956037543

113 RancidPinata the Cudgeller (level 4, 0/28 HPs)
             Began as a Gargoyle Gladiator on Nov 10, 2023.
             Slain by a hobgoblin (4 damage)
             ... led by Robin
             ... on level 2 of the Dungeon.
             The game lasted 00:11:24 (2671 turns).

RancidPinata the Cudgeller (Gargoyle Gladiator)     Turns: 2671, Time: 00:11:27

Health: 0/28       AC:  9    Str: 19    XL:     4   Next: 96%
Magic:  4/4        EV: 16    Int:  9    God:
Gold:   195        SH:  0    Dex: 11    Spells: 3/3 levels left

rFire   . . .        a - +0 flail
rCold   . . .        u - +0 buckler
rNeg    + . .        h - +0 ring mail
rPois   ∞            c - +0 helmet
rElec   +            (no cloak)
rCorr   .            (no gloves)
SInv    .            (no boots)
Will    .....        (no amulet) Stlth
                     i - +5 ring of evasion
HPRegen 0.24/turn    (no ring)
MPRegen 0.09/turn

%: no passive effects
@: confused, ambrosia-drunk
A: sickness immunity, AC +3, negative energy resistance 1, electricity
resistance, torment resistance 1, petrification resistance
a: no special abilities


You were on level 2 of the Dungeon.
You visited 1 branch of the dungeon, and saw 4 of its levels.

You collected 195 gold pieces.

Inventory:

Hand Weapons
 a - a +0 flail (weapon)
Missiles
 d - 3 throwing nets (quivered)
 e - a javelin
 g - 42 stones
 o - 4 poisoned darts
 t - 3 boomerangs
Armour
 b - a +0 leather armour
 c - a +0 helmet (worn)
 h - a +0 ring mail (worn)
 u - a +0 buckler (worn)
Jewellery
 i - a +5 ring of evasion (left hand)
 s - a ring of wizardry
Scrolls
 f - 2 scrolls of identify {unknown}
 j - a scroll of poison {unknown}
 n - 2 scrolls of vulnerability {unknown}
 p - 2 scrolls of teleportation {unknown}
 r - a scroll of blinking {unknown}
Potions
 k - a potion of berserk rage {unknown}
 l - 2 potions of degeneration {unknown}
 m - a potion of ambrosia
 q - a potion of might {unknown}


   Skills:
 * Level 3.4 Fighting
 + Level 3.6 Maces & Flails
 + Level 2.2 Throwing
 + Level 1.3 Armour
 + Level 2.8 Dodging
 * Level 1.2 Shields


You had 3 spell levels left.
You didn't know any spells.
Your spell library contained the following spells:

 Spells                   Type           Power      Damage    Failure   Level
 Wereblood                Tmut           0%         N/A       80%         2
 Petrify                  Tmut/Erth      0%         N/A       100%        4
 Irradiate                Conj/Tmut      0%         3d11      100%        5
 Summon Hydra             Summ           0%         N/A       100%        7
 Sublimation of Blood     Necr           Unusable   N/A       N/A         2

Dungeon Overview and Level Annotations

Branches:
Dungeon (4/15)
 Temple: D:4-7

Altars:
Ashenzari
Cheibriados
Zin


Innate Abilities, Weirdness & Mutations

You are immune to sickness and miasma.
Your stone body is resilient. (AC +3)
You are immune to poison.
You resist negative energy. (rN+)
You are resistant to electric shocks. (rElec)
You are resistant to unholy torment.
You are immune to petrification.


Message History

A goblin comes into view. It is wielding a +0 dagger.
The goblin barely misses you.
You thump Robin!
Robin is severely wounded.
Robin roars a battlecry!
The goblins go into a battle-frenzy!
The goblin barely misses you.
You hear a shout!
You barely miss Robin.
Robin is severely wounded.
The hobgoblin hits you. Robin throws the goblin at you!
A goblin comes into view. It is wielding a +0 dagger.
The goblin closely misses you.
The goblin unwields a +0 sling.
The goblin wields a +0 club.
The goblin closely misses you. The goblin misses you.
The goblin closely misses you. The hobgoblin misses you.
Robin roars a battlecry!
The goblin goes into a battle-frenzy!
You hit Robin.
Robin is almost dead.
You block the goblin's attack. The goblin hits you with a +0 dagger.
The hobgoblin barely misses you. You block the goblin's attack.
Robin throws the goblin at you!
You hit Robin.
You kill Robin!
The goblin hits you with a +0 club. The goblin closely misses you.
The hobgoblin closely misses you. The goblin hits you with a +0 club.
You block the goblin's attack. The goblin closely misses you.
The goblin hits you with a +0 dagger.
* * * LOW HITPOINT WARNING * * *
The hobgoblin barely misses you. The goblin hits you with a +0 dagger.
* * * LOW HITPOINT WARNING * * *
The goblin attacks as you move away! The goblin closely misses you.
It was a potion of ambrosia.
You are confused.
You feel invigorated. The goblin completely misses you.
The goblin hits you with a +0 dagger.
* * * LOW HITPOINT WARNING * * *
The hobgoblin hits you.
You die...

#......####.#....##
#......÷....#..###
#.....###......# #
#..... #.##...##### #
#..... #..........# #
#..... #.........># #
#.....###...gg.)...# #
#######.....gg.....# #
##.....@gg....# #
####....)..g.....#
#######................#
.....##.#.#.#.<........#
##..........#####.######
...........## #.#
##.._.....## #.#
##........# #.#
##.....#### #.#


You could see a hobgoblin (strong) and 6 goblins.

Vanquished Creatures
  Robin (D:2)
  A gnoll (D:1)
  3 adders
  A worm (D:2)
  A dart slug (D:3)
  3 orcs (D:3)
  4 endoplasms
  A giant cockroach (D:3)
  8 hobgoblins
  2 quokkas (D:1)
  9 ball pythons
  5 bats (D:1)
  3 frilled lizards (D:2)
  7 goblins
  2 kobolds (D:1)
  3 rats (D:2)
54 creatures vanquished.

Notes
Turn   | Place    | Note
-------+----------+-------------------------------------------
     0 | D:1      | RancidPinata the Gargoyle Gladiator began the quest for the
                  | Orb.
     0 | D:1      | Reached XP level 1. HP: 12/12 MP: 1/1
   194 | D:1      | Reached XP level 2. HP: 18/18 MP: 2/2
   464 | D:1      | Reached XP level 3. HP: 8/22 MP: 3/3
   936 | D:2      | Found a broken altar of Ashenzari.
  1044 | D:4      | Found a glowing silver altar of Zin.
  1045 | D:4      | Noticed an angel
  1207 | D:3      | Reached skill level 1 in Armour
  1214 | D:3      | Found a snail-covered altar of Cheibriados.
  1437 | D:3      | Reached XP level 4. HP: 28/28 MP: 4/4
  1813 | D:2      | Noticed Robin
  2200 | D:2      | Found a faded altar of an unknown god.
  2409 | D:2      | Reached skill level 1 in Shields
  2667 | D:2      | Killed Robin
  2669 | D:2      | HP: 1/28 [goblin/+0 dagger[Robin] (5)]
  2671 | D:2      | Slain by a hobgoblin

Illustrated notes

Levels and vault maps discovered:
D:1:      dpeg_arrival_stone_temple_mockup, layout_loops_corners
D:2:      minmay_chambers_of_twos, layout_rooms,
          hellmonk_ecumenical_altar_lost_god, basic_altar, uniq_robin
D:3:      layout_basic, kennysheep_slug_shrine
D:4:      layout_layer_cave, nicolae_qazlal_style_of_elements, zin_angel,
          minmay_shop_damaged

Skill      XL: |  1  2  3  4 |
---------------+-------------+-----
Throwing       | 2 |  2.2
Armour         | 1 |  1.3
Fighting       | 3 |  3.4
Shields        | 1 |  1.2
Maces & Flails | |  3.6
Dodging        | |  2.8

Action                     |  1- 3 |  4- 6 || total
---------------------------+-------+-------++-------
  Melee: Flail             |   117 |    79 ||   196
    Use: Potion            |       |     1 ||     1
 Armour: Ring mail         |    47 |    31 ||    78
  Dodge: Dodged            |   150 |   109 ||   259
  Block: Buckler           |       |    18 ||    18
